cohdb
Replays
Latest Replays
All Replays
Popular Replays
Top Player Replays
Match Explorer
How It Works
Community
CoH3 Stats
Reddit
Sign in to upload your games and track your stats! →
Sign in with Steam
Match 43791731
Unlisted
Match 43791731
Overview
Messages
Build Orders
End
Royal Engineer Section
Construct Section Command Post
Selects Canadian Shock Battlegroup
Infantry Section
Infantry Section
Infantry Section
Construct Platoon Command Post
Selects Attacking Spirit
Selects Canadian Shock Section
CMP 15cwt Truck
Selects Burnout
Selects Burnout
Canadian Shock Section
Selects Pyrotechnics
Unlock Bishop Self-propelled Artillery
Selects Point Assault
AI Takeover
Kipiky
NederKnight
bigcheese
DooWop
0
0
Comments
sign in to comment!
No comments posted yet!